 Dungeon Crawl Stone Soup version 0.30.0-19-g36f170ea60 (webtiles) character file.

Game seed: 10253541672563186615

107 Ijustatesigmund the Trooper (level 4, -1/45 HPs)
             Began as a Gargoyle Fighter on May 30, 2023.
             Slain by an orc priest
             ... wielding a +0 mace
              (6 damage)
             ... on level 3 of the Dungeon.
             The game lasted 00:02:26 (1701 turns).

Ijustatesigmund the Trooper (Gargoyle Fighter)      Turns: 1701, Time: 00:02:26

Health: -1/45      AC: 12    Str: 17 (19) XL:     4   Next: 86%
Magic:  4/4        EV:  9    Int: 10 (11) God:
Gold:   108        SH:  4    Dex:  8 (9)  Spells: 3/3 levels left

rFire   . . .        a - +0 flail
rCold   . . .        c - +0 buckler
rNeg    + + .        b - +0 scale mail
rPois   ∞            i - +0 helmet
rElec   +            (no cloak)
rCorr   .            e - +0 pair of gloves
SInv    .            (no boots)
Will    .....        (no amulet) Stlth
                     l - ring of positive energy
HPRegen 0.27/turn    (no ring)
MPRegen 0.09/turn

%: no passive effects
@: berserking, very quick
A: sickness immunity, AC +3, negative energy resistance 1, electricity
resistance, torment resistance 1, petrification resistance
a: no special abilities


You were on level 3 of the Dungeon.
You visited 1 branch of the dungeon, and saw 3 of its levels.

You collected 108 gold pieces.

Inventory:

Hand Weapons
 a - a +0 flail (weapon)
Armour
 b - a +0 scale mail (worn)
 c - a +0 buckler (worn)
 e - a +0 pair of gloves (worn)
 i - a +0 helmet (worn)
Jewellery
 g - a ring of wizardry
 l - a ring of positive energy (left hand)
Wands
 t - a wand of roots (12)
Scrolls
 h - a scroll of amnesia {unknown}
 k - a scroll of blinking {unknown}
 m - a scroll of fog {unknown}
 n - a scroll of magic mapping
 o - 2 scrolls of enchant armour {unknown}
 p - a scroll of teleportation {unknown}
 r - a scroll of identify {unknown}
Potions
 d - a potion of might
 f - a potion of invisibility {unknown}
 j - a potion of degeneration
 q - a potion of heal wounds {unknown}


   Skills:
 + Level 4.8 Fighting
 + Level 3.6 Maces & Flails
 - Level 3.2 Armour
 - Level 3.2 Shields
 + Level 0.0 Evocations


You had 3 spell levels left.
You didn't know any spells.
Your spell library contained the following spells:

 Spells                   Type           Power      Damage    Failure   Level
 Anguish                  Hex/Necr       0%         N/A       100%        4
 Cause Fear               Hex            0%         N/A       100%        4
 Enfeeble                 Hex            0%         N/A       100%        7


Dungeon Overview and Level Annotations

Branches:
Dungeon (3/15)

Altars:


Innate Abilities, Weirdness & Mutations

You are immune to sickness and miasma.
Your stone body is resilient. (AC +3)
You are immune to poison.
You resist negative energy. (rN+)
You are resistant to electric shocks. (rElec)
You are resistant to unholy torment.
You are immune to petrification.


Message History

You sock the goblin!
You kill the goblin!
An orc priest comes into view. It is wielding a +0 mace.
You block the orc's attack.
You hit the orc.
The orc is lightly wounded.
The orc hits you but does no damage.
The orc priest mumbles some strange prayers to Beogh against you.
Beogh smites you!
You closely miss the orc.
The orc is lightly wounded.
The orc completely misses you.
You hit the orc.
The orc is severely wounded.
An orc priest comes into view. It is wielding a +0 club.
The orc hits you but does no damage.
An orc comes into view. It is wielding a +0 short sword.
The orc priest invokes the aid of Beogh against you.
Beogh smites you!
* * * LOW HITPOINT WARNING * * *
It was a potion of degeneration.
There was something very wrong with that liquid.
You feel weakened.
You feel dopey.
You feel clumsy. The orc hits you with a +0 hand axe.
* * * LOW HITPOINT WARNING * * *
As you read the scroll labelled WIUZ CEUDDIPNI, it crumbles to dust.
You feel aware of your surroundings.
It was a scroll of magic mapping.
You block the orc's attack.
You see here a giant cockroach corpse.
It was a potion of berserk rage.
A red film seems to cover your vision as you go berserk!
You feel yourself moving faster!
You feel mighty! The orc hits you but does no damage.
You closely miss the orc.
The orc is severely wounded.
The orc hits you but does no damage.
You hit the orc.
You kill the orc!
The orc priest hits you with a +0 mace.
You die...

##.##.........#**#..,,..********
..............###..**#.#,,,,,,,*
##................,**..#,,,,,,,*
##.(........#..#*,,,..,,,..,,,*
##.............######.##....,,,*
.>....##..#.........).......,,,*
....#####[...###**##.#**,,,,,,,*
##### ####...####o.# *,,,,,,,* #
###..@)..## *,,,,,,,* ####o.##
*,,,,,,,* #.## *,,,,,,,* ###
*********


You could see an orc priest and an orc.

Vanquished Creatures
  6 adders (D:2)
  2 worms (D:2)
  A dart slug (D:3)
  An orc (D:3)
  5 ball pythons
  5 endoplasms
  A giant cockroach (D:3)
  7 goblins
  2 hobgoblins
  3 kobolds
  8 bats
  3 frilled lizards
  6 rats
50 creatures vanquished.

Notes
Turn   | Place    | Note
-------+----------+-------------------------------------------
     0 | D:1      | Ijustatesigmund the Gargoyle Fighter began the quest for
                  | the Orb.
     0 | D:1      | Reached XP level 1. HP: 14/14 MP: 1/1
   139 | D:1      | Reached XP level 2. HP: 19/19 MP: 2/2
   864 | D:2      | Reached XP level 3. HP: 24/24 MP: 3/3
   871 | D:2      | Reached skill level 4 in Fighting
  1183 | D:2      | Reached XP level 4. HP: 27/30 MP: 4/4
  1701 | D:3      | Slain by an orc priest

Illustrated notes

Levels and vault maps discovered:
D:1:      erik_arrival_orb_chamber, layout_basic,
          hangedman_abyss_or_decor_lesser_grid, chequers_serial_rivers_micro_d,
          hangedman_decor_growths
D:2:      layout_loops_ring
D:3:      layout_rooms

Skill      XL: |  1  2  3 |
---------------+----------+-----
Fighting       | 4 |  4.8
Maces & Flails | 3 |  3.6
Armour         | |  3.2
Shields        | |  3.2

Action                     |  1- 3 |  4- 6 || total
---------------------------+-------+-------++-------
  Melee: Flail             |   103 |    52 ||   155
    Use: Potion            |       |     2 ||     2
         Scroll            |       |     1 ||     1
 Armour: Scale mail        |    57 |    40 ||    97
  Dodge: Dodged            |    58 |    17 ||    75
  Block: Buckler           |    19 |    13 ||    32
